 Dungeon Crawl Stone Soup version 0.21-a0-552-g593960d (webtiles) character file.

44 Klosterheim the Charmwright (level 3, -2/36 HPs)
             Began as a Halfling Skald on Dec 17, 2017.
             Slain by a hound (3 damage)
             ... on level 2 of the Dungeon.
             The game lasted 00:03:08 (1168 turns).

Klosterheim the Charmwright (Halfling Skald)        Turns: 1168, Time: 00:03:09

Health: -2/36      AC: 15    Str: 12    XL:     3   Next: 87%
Magic:  2/5        EV:  3    Int: 17    God:
Gold:   23         SH:  0    Dex: 13    Spells: 2/5 levels left

rFire    . . .     SeeInvis .   e - -3 short sword (curse)
rCold    . . .     Gourm    .   (shield restricted)
rNeg     + + +     Faith    .   (armour currently unavailable)
rPois    +         Spirit   .   (helmet currently unavailable)
rElec    .         Reflect  .   (cloak currently unavailable)
rCorr    .         Harm     .   (gloves currently unavailable)
MR       .....     NoTele   +   (boots currently unavailable)
Stlth    +.........             (no amulet)
HPRegen  0.12/turn              m - -6 ring of protection (curse)
MPRegen  0.09/turn              (no ring)

@: brilliant, tree-form
A: small, mutation resistance 1
a: no special abilities


You were on level 2 of the Dungeon.
You were hungry.
You were a tree.
You visited 1 branch of the dungeon, and saw 2 of its levels.

You collected 23 gold pieces.

Inventory:

Hand Weapons
 a - a +0 falchion
 e - a cursed -3 short sword (weapon)
 h - a +1 spear of venom
Armour
 b - a +1 leather armour
 l - a cursed +0 robe (melded)
Jewellery
 m - a cursed -6 ring of protection (left branch)
Potions
 g - a potion of brilliance
Books
 c - a book of Battle

   Spells                             Type                      Level
   a - Infusion                       Charms                       1
   b - Shroud of Golubria             Charms/Translocation         2
   c - Song of Slaying                Charms                       2
   d - Spectral Weapon                Hexes/Charms                 3
   e - Regeneration                   Charms/Necromancy            3
Comestibles
 d - 2 bread rations
 f - a chunk of flesh
 k - 4 fruits


   Skills:
 + Level 2.2 Fighting
 * Level 2.9 Long Blades
 - Level 1.1 Armour
 - Level 2.1 Dodging
 - Level 1.5 Spellcasting
 * Level 4.0 Charms


You had 2 spell levels left.
You knew the following spells:

 Your Spells              Type           Power        Failure   Level  Hunger
a - Infusion              Chrm           ####         1%          1    ##.....
b - Song of Slaying       Chrm           ####....     1%          2    ###....


Dungeon Overview and Level Annotations

Branches:
Dungeon (2/15)

Altars:


Innate Abilities, Weirdness & Mutations

You are small and have problems with some larger weapons.
You are somewhat resistant to further mutation.


Message History

The hound is moderately wounded.
The hound bites you but does no damage.
A kobold comes into view. It is wielding a club.
You closely miss the hound.
The hound is moderately wounded.
The kobold shouts!
The hound completely misses you. The hound bites you.
* * * LOW HITPOINT WARNING * * *
Okay, then.
Put on which piece of jewellery? (? for menu, Esc to quit)
Oops, that ring feels deathly cold.
m - a cursed -6 ring of protection (left branch)
The hound bites you but does no damage.
You closely miss the hound.
The hound is moderately wounded.
The hound bites you but does no damage.
You barely miss the hound.
The hound is moderately wounded.
The hound bites you.
You die...

#### #.. ###.###
#...#<# #..)..#
#...#.#
...######...###.
...K..h♣.........
#################


You could see a hound and a kobold.

Vanquished Creatures
  2 dart slugs (D:1)
  A leopard gecko (D:1)
  4 bats (D:1)
  4 giant cockroaches (D:1)
  3 goblins (D:1)
  7 hobgoblins (D:1)
  A jackal (D:1)
  5 kobolds
  4 frilled lizards (D:1)
  5 rats (D:1)
36 creatures vanquished.

Notes
Turn   | Place    | Note
-------+----------+-------------------------------------------
     0 | D:1      | Klosterheim the Halfling Skald began the quest for the Orb.
     0 | D:1      | Reached XP level 1. HP: 14/14 MP: 3/3
    30 | D:1      | Reached XP level 2. HP: 8/19 MP: 4/4
   266 | D:1      | Reached XP level 3. HP: 6/24 MP: 1/5
   902 | D:1      | Reached skill level 4 in Charms
   990 | D:1      | Learned a level 2 spell: Song of Slaying
  1142 | D:2      | HP: 1/24 [hound (2)]
  1165 | D:2      | HP: 1/36 [hound (2)]
  1168 | D:2      | Slain by a hound

Vault maps used:
D:1:      nzn_arrival_crosshair, st_stairs_3
D:2:      kb_forest_paths, mrwooster_statue_mirror

Skill      XL: |  1  2  3 |
---------------+----------+-----
Fighting       | 2 |  2.2
Charms         | 4 |  4.0
Long Blades    | |  2.9
Armour         | |  1.1
Dodging        | |  2.1
Spellcasting   | |  1.5

Action                   || total
-------------------------++-------
Melee: Falchion          ||    54
       Short sword       ||    60
       Spear             ||    23
 Cast: Infusion          ||     5
       Song of Slaying   ||     3
  Use: Potion            ||     3
       Scroll            ||     2
 Stab: Sleeping          ||     1
  Eat: Chunk             ||     1
Armor: Leather armour    ||    23
       Skin              ||    27
       Robe              ||     8
Dodge: Dodged            ||   119
       Rpst.: Falchion   ||    21

Table legend:
 A = Spawn XP
 B = Non-spawn XP
 C = Spawn XP percentage of total XP
 D = Spawn monster count
 E = Non-spawn monster count
 F = Spawn count percentage of total count
 G = Total turns spent on level
                    A         B        C        D         E        F      G
               +---------+---------+-------+---------+---------+-------+---------
         Total |       0 |      64 |   0.0 |       0 |      36 |   0.0 |  1168
               +---------+---------+-------+---------+---------+-------+---------
           D:1 |       0 |      62 |   0.0 |       0 |      35 |   0.0 |  1104
           D:2 |       0 |       2 |   0.0 |       0 |       1 |   0.0 |    64
               +---------+---------+-------+---------+---------+-------+---------
